 Dungeon Crawl Stone Soup version 0.18-a0-896-g1c42501 (webtiles) character file.

26 Oddball22 the Caller (level 2, -8/21 HPs)
             Began as a Demonspawn Summoner on Dec 24, 2015.
             Mangled by a worm (12 damage)
             ... on level 2 of the Dungeon.
             The game lasted 00:02:34 (1046 turns).

Oddball22 the Caller (Demonspawn Summoner)          Turns: 1046, Time: 00:02:34

Health: -8/21      AC:  2    Str:  8    XL:     2   Next: 89%
Magic:  3/5        EV: 12    Int: 16    God:
Gold:   37         SH:  0    Dex: 13    Spells: 1 memorised, 4 levels left

rFire  . . .     SeeInvis .     e - +0 dagger
rCold  . . .     Gourm    .     a - +0 robe
rNeg   . . .     Faith    .     (no shield)
rPois  .         Spirit   .     (no helmet)
rElec  .         Dismiss  .     (no cloak)
rCorr  .         Reflect  .     (no gloves)
SustAt .         Harm     .     (no boots)
MR     .....                    (no amulet)
Stlth  ++........               (no ring)
                                (no ring)

@: not resistant to hostile enchantments, unstealthy
A: sturdy frame 1
a: no special abilities


You were on level 2 of the Dungeon.
You were not hungry.

You visited 1 branch of the dungeon, and saw 2 of its levels.

You collected 37 gold pieces.

Inventory:

Hand Weapons
 e - a +0 dagger (weapon)
Armour
 a - a +0 robe (worn)
Jewellery
 d - an uncursed amulet of regeneration {unknown}
 j - a cursed ring of teleportation {unknown}
Scrolls
 h - a scroll of fog {unknown}
 k - a scroll of identify {unknown}
Potions
 f - 2 potions of might {unknown}
 i - a potion of curing {unknown}
Books
 b - a book of Callings

   Spells                             Type                      Level
   a - Summon Small Mammal            Summoning                    1
   b - Call Imp                       Summoning                    2
   c - Call Canine Familiar           Summoning                    3
   d - Summon Guardian Golem          Hexes/Summoning              3
   e - Summon Lightning Spire         Summoning/Air                4
   f - Summon Ice Beast               Ice/Summoning                4
Comestibles
 c - a bread ration
 g - a chunk of flesh


   Skills:
 + Level 1.1 Fighting
 + Level 2.0 Dodging
 - Level 1.7 Stealth
 + Level 2.2 Spellcasting
 * Level 4.4 Summonings


You had 4 spell levels left.
You knew the following spells:

 Your Spells              Type           Power        Failure   Level  Hunger
a - Summon Small Mammal   Summ           ###.         4%          1    #......


Dungeon Overview and Level Annotations

Branches:
Dungeon (2/15)

Altars:


Innate Abilities, Weirdness & Mutations

Your movements are slightly less encumbered by armour (ER -2).


Message History

The worm is lightly wounded.
Your rat bites the worm.
The worm bites you.
Your rat bites the worm.
You hit the worm.
The worm is moderately wounded.
Your rat bites the worm.
Your rat bites the worm but does no damage.
You barely miss the worm.
The worm is heavily wounded.
Your rat bites the worm.
The worm bites you!
* * * LOW HITPOINT WARNING * * *
Your rat bites the worm.
You are too injured to fight recklessly!
You hit the worm.
The worm is severely wounded.
Your rat bites the worm. x2
You barely miss the worm.
The worm is almost dead.
Your rat closely misses the worm.
The worm bites you!
Ouch! That really hurt!
You die...

##### ...#
#######.####### #
..............#######
......................#
....#####.#####w#####.#
......)rwr....#.#
...##.@......#.#####.##
#.#####....<....[.# #.#
#..#.###..... ..#
#..#.# ... ##.# #. #(#
. ..# #. #.# .!. . #.#
#.# .# #.# #.# #.#


You could see a worm and 2 friendly rats.

Vanquished Creatures
  A giant gecko (D:1)
  A giant cockroach (D:1)
  2 goblins (D:1)
  2 hobgoblins (D:1)
  3 bats
  A giant newt (D:1)
  A kobold (D:1)
  2 rats (D:1)
13 creatures vanquished.

Vanquished Creatures (collateral kills)
  An adder (D:1)
  A giant cockroach (D:2)
  2 hobgoblins (D:1)
  2 giant newts (D:1)
  A kobold (D:2)
7 creatures vanquished.

Grand Total: 20 creatures vanquished

Notes
Turn   | Place    | Note
--------------------------------------------------------------
     0 | D:1      | Oddball22 the Demonspawn Summoner began the quest for the Orb.
     0 | D:1      | Reached XP level 1. HP: 13/13 MP: 3/3
   425 | D:1      | Reached skill level 1 in Fighting
   425 | D:1      | Gained mutation: Your movements are slightly less encumbered by armour (ER -2). [demonic ancestry]
   425 | D:1      | Reached XP level 2. HP: 18/21 MP: 0/5
  1046 | D:2      | Mangled by a worm

Vault maps used:
D:1:      scummos_arrival_gate
D:2:      grunt_temple_overflow_open, uniq_robin

Action                   || total
-------------------------++-------
Melee: Dagger            ||    57
       Unarmed           ||     9
 Cast: Summon Small Mamm ||    19
 Stab: Sleeping          ||     3
  Eat: Chunk             ||     1
